 Dungeon Sprint DCSS version 0.29-a0-723-gce39da1c22 (webtiles) character file.

Game seed: 12872506074422235230

2984 manyhoops the Severer (level 10, -1/86 HPs)
             Began as a Formicid Fighter on June 28, 2022.
             Was an Initiate of Okawaru.
             Succumbed to a death drake's dark miasma
             ... in the Dungeon (Sprint II: "The Violet Keep of Menkaure").
             The game lasted 00:08:34 (2075 turns).

manyhoops the Severer (Formicid Fighter)            Turns: 2075, Time: 00:08:34

Health: -1/86      AC: 12    Str: 25    XL:     10   Next: 9%
Magic:  11/11      EV:  9    Int:  8    God:    Okawaru [......]
Gold:   257        SH:  5    Dex: 13    Spells: 9/9 levels left

rFire   . . .      SeeInvis +   d - +2 battleaxe (drain)
rCold   . . .      Faith    .   c - +0 buckler
rNeg    + . .      Spirit   .   b - +0 scale mail
rPois   .          Reflect  .   (helmet unavailable)
rElec   .          Harm     .   h - +1 cloak
rCorr   .          Rampage  .   A - +0 pair of gloves
Will    +....                   (no boots)
Stlth   ..........              (no amulet)
HPRegen 0.24/turn               a - ring of positive energy
MPRegen 0.12/turn               (no ring)

@: mighty, lethally poisoned (-1 -> -105)
A: permanent stasis, dig shafts and tunnels, antennae 3, four strong arms, high
MP 1, no potion heal 1, subdued magic 1
a: Dig, Renounce Religion


You were in the Dungeon.
You worshipped Okawaru.
Okawaru was noncommittal.
You visited 1 branch You collected 1223 gold pieces.
You spent 966 gold pieces at shops.

Inventory:

Hand Weapons
 d - a +2 battleaxe of draining (weapon)
Missiles
 p - 6 poisoned darts
Armour
 b - a +0 scale mail (worn)
 c - a +0 buckler (worn)
 h - a +1 cloak (worn)
 A - a +0 pair of gloves (worn)
Jewellery
 a - a ring of positive energy (left hand)
Scrolls
 e - a scroll of fog
 k - a scroll of poison
 q - a scroll of summoning
 r - a scroll of magic mapping
 s - a scroll of vulnerability
 t - a scroll of amnesia {unknown}
 w - a scroll of silence {unknown}
 y - a scroll of enchant armour
Potions
 g - 5 potions of magic
 i - 4 potions of brilliance
 j - 2 potions of heal wounds
 l - 3 potions of lignification
 n - a potion of might
 o - 4 potions of flight {unknown}
 u - 3 potions of resistance {unknown}
 v - a potion of haste {unknown}
 x - a potion of mutation {unknown}
 z - a potion of ambrosia {unknown}


   Skills:
 * Level 10.9 Fighting
 - Level 18.0 Axes
 - Level 9.6 Armour
 + Level 4.9 Shields


You had 9 spell levels left.
You didn't know any spells.
Your spell library was empty.

Dungeon Overview and Level Annotations

Branches:
Dungeon (1/1)

Altars:
Cheibriados
Dithmenos
Elyvilon
Fedhas
Gozag
Hepliaklqana
Kikubaaqudgha
Makhleb
Nemelex Xobeh
Okawaru
Qazlal
Ru
Sif Muna
Trog
Uskayaw
Vehumet
Wu Jian
Xom
Yredelemnul
Zin
The Shining One
Beogh
Jiyva
Lugonu

Shops:
D [:[*:!==*::?[(!

Annotations:
D exclusions: ice statue, oklob plant and orange crystal statue, Roxanne


Innate Abilities, Weirdness & Mutations

You cannot be hasted, slowed, berserked, paralysed or teleported.
You can dig through walls and to a lower floor.
You have a pair of large antennae on your head. (SInv)
Your four strong arms can wield two-handed weapons with a shield.
You have an increased reservoir of magic. (+10% MP)
Potions are less effective at restoring your health.
Your spells are a little easier to cast, but a little less powerful.


Message History

You enter the shallow water.
Moving in this stuff is going to be slow.
The death drake moves out of view.
You miss the death drake.
The death drake bites you but does no damage.
You slash the death drake! You drain the death drake.
The death drake is moderately wounded.
The death drake breathes miasma at you. The foul vapour engulfs you!!
You are poisoned.
Unknown command.
You feel very mighty all of a sudden.
You are engulfed in dark miasma.
You are more poisoned.
You feel extremely sick.
Your system partially rejects the healing.
You feel better.
You are engulfed in dark miasma.
You are poisoned.
You feel extremely sick. The death drake bites you. x2
Really quaff the potion of lignification?
Really become a tree while standing in a cloud of foul pestilence?
Okay, then.
You slash the death drake!
The death drake is heavily wounded.
You are engulfed in dark miasma.
You are lethally poisoned!
Your stasis prevents you from being slowed.
* * * LOW HITPOINT WARNING * * *
You feel extremely sick. The death drake breathes miasma at you.
The foul vapour engulfs you.
You are more poisoned.
* * * LOW HITPOINT WARNING * * *
Your system partially rejects the healing.
You feel much better.
You are engulfed in dark miasma.
You are more poisoned.
Your stasis prevents you from being slowed.
* * * LOW HITPOINT WARNING * * *
You die...

≈≈. { #...▓§≈§§§§§§▓▓ #+++## {
#})▓▓▓▓▓▓▓▓▓▓▓ .....#{{
#[|▓..([..[.▓▓ {{ '##..# { #.
{#)[▓....[...▓▓ { ..##.####
{+.##{#}[▓)[([.)).▓▓ #..# ...#{
...####▓.[)[..).▓▓ #.####..##
#..##.#▓.....(..▓▓ '###.##..#{
+..#..#▓..([()..▓▓ .##..##..#
{#..#@k#▓()[.(...▓▓
<.)##.÷..####.{##.#▓....(...▓▓{
.##..##....###..{##▓▓▓▓▓▓▓§▓▓▓▓+▓
'###.##.....§≈≈≈≈≈≈≈≈≈≈≈≈≈..{Xw≈▓
######≈≈.....≈#'########§###w≈w≈▓
#..#≈≈§≈≈≈≈§§≈#_._._...#≈≈≈##≈≈≈▓
..##≈≈≈≈≈§≈§.≈#._._._._#≈≈≈≈####▓
+##≈§≈≈≈≈≈≈≈≈≈#_._._._.#≈≈≈≈≈##
≈§§≈§≈≈≈≈≈§§≈≈#._._._._#≈≈≈≈§§# {


You could see a death drake (drained).

Vanquished Creatures
  A yaktaur (D)
  3 polar bears (D)
  A hornet (D)
  A blink frog (D)
  2 wyverns (D)
  4 neqoxecs (D)
  Menkaure (D)
  4 water moccasins (D)
  4 scorpions (D)
  4 necrophages (D)
25 creatures vanquished.

Vanquished Creatures (others)
  12 tentacles (D)
12 creatures vanquished.

Grand Total: 37 creatures vanquished

Notes
Turn   | Place    | Note
-------+----------+-------------------------------------------
     0 | D        | manyhoops the Formicid Fighter began the quest for the Orb.
     0 | D        | Reached XP level 1. HP: 18/18 MP: 1/1
     1 | D        | Noticed a necrophage
     1 | D        | Noticed a necrophage
     1 | D        | Noticed a necrophage
     1 | D        | Noticed a necrophage
     6 | D        | Killed a necrophage
     7 | D        | Reached skill level 7 in Axes
     7 | D        | Reached XP level 2. HP: 11/24 MP: 2/2
     7 | D        | Reached XP level 3. HP: 13/29 MP: 3/3
     7 | D        | Reached XP level 4. HP: 16/35 MP: 4/4
    13 | D        | Killed a necrophage
    14 | D        | Reached skill level 9 in Axes
    14 | D        | Reached XP level 5. HP: 29/41 MP: 5/5
    19 | D        | Reached skill level 11 in Axes
    21 | D        | Reached skill level 12 in Axes
    21 | D        | Reached XP level 6. HP: 25/47 MP: 6/6
   278 | D        | Reached skill level 13 in Axes
   283 | D        | Reached skill level 14 in Axes
   283 | D        | Reached XP level 7. HP: 35/52 MP: 7/7
   379 | D        | Noticed a neqoxec
   380 | D        | Noticed a neqoxec
   380 | D        | Gained mutation: Potions are less effective at restoring
                  | your health. [a neqoxec]
   386 | D        | Gained mutation: Your spells are a little easier to cast,
                  | but a little less powerful. [a neqoxec]
   393 | D        | Killed a neqoxec
   394 | D        | Reached skill level 15 in Axes
   395 | D        | Gained mutation: You have an increased reservoir of magic.
                  | (+10% MP) [a neqoxec]
   401 | D        | Killed a neqoxec
   402 | D        | Reached skill level 16 in Axes
   402 | D        | Reached XP level 8. HP: 18/58 MP: 8/8
   559 | D        | Noticed an orange crystal statue
   584 | D        | Identified Roxanne's Reference Book on Transmigration
   584 | D        | Noticed Roxanne
   586 | D        | Noticed Menkaure
   590 | D        | Killed Menkaure
   591 | D        | Reached skill level 17 in Axes
   593 | D        | Found Hozuogusk's Antique Weapon Shoppe.
   593 | D        | Found Deokesy's Distillery.
   594 | D        | Found Meurchose's Magic Scroll Shoppe.
   594 | D        | Found Yhauh's Book Emporium.
   594 | D        | Found Kaf Keirill's Antique Armour Emporium.
   595 | D        | Found Reydat's Assorted Antiques.
   595 | D        | Found Ryifum's Jewellery Emporium.
   595 | D        | Found Peiceh's Book Emporium.
   595 | D        | Found Piwuojar's Jewellery Shoppe.
   596 | D        | Found Zahypraa's Book Shoppe.
   596 | D        | Found Uxkuyqu's Distillery.
   596 | D        | Found Cempuneo's Assorted Antiques.
   597 | D        | Noticed a blink frog
   601 | D        | Found Saxiex's Antique Armour Shoppe.
   601 | D        | Noticed an oklob plant
   604 | D        | Found Elloseog's Antique Armour Shoppe.
   604 | D        | Found Ijattiug's Book Shoppe.
   613 | D        | Killed a blink frog
   622 | D        | Reached skill level 18 in Axes
   625 | D        | HP: 2/58 [poisoned by a water moccasin]
   626 | D        | Bought a potion of curing for 30 gold pieces
   631 | D        | Noticed a death yak
   650 | D        | Bought a glowing battleaxe for 247 gold pieces
   660 | D        | Noticed a slime creature
   660 | D        | Noticed a slime creature
   673 | D        | Bought a glass ring for 110 gold pieces
   675 | D        | Bought a scroll of fog for 24 gold pieces
   905 | D        | Bought a potion of heal wounds for 50 gold pieces
   939 | D        | Found an iron altar of Okawaru.
   939 | D        | Found an opulent altar of Gozag.
   940 | D        | Found a sparkling altar of Nemelex Xobeh.
   940 | D        | Found a blossoming altar of Fedhas.
   941 | D        | Found a radiant altar of Vehumet.
   941 | D        | Found a burning altar of Makhleb.
   941 | D        | Found a white marble altar of Elyvilon.
   974 | D        | Found a hide-covered altar of Uskayaw.
   974 | D        | Found a corrupted altar of Lugonu.
   974 | D        | Found a shadowy altar of Dithmenos.
   975 | D        | Found a glowing silver altar of Zin.
   975 | D        | Found a bloodstained altar of Trog.
   975 | D        | Found an ancient bone altar of Kikubaaqudgha.
   975 | D        | Found a snail-covered altar of Cheibriados.
   976 | D        | Noticed a polar bear
   976 | D        | Noticed a polar bear
  1000 | D        | Killed a polar bear
  1001 | D        | Reached XP level 9. HP: 25/71 MP: 7/9
  1001 | D        | Killed a polar bear
  1002 | D        | Noticed a yaktaur
  1020 | D        | Killed a yaktaur
  1021 | D        | Reached skill level 10 in Fighting
  1260 | D        | Reached skill level 5 in Armour
  1300 | D        | Bought a scroll labelled WUYLIHA FOAH SOKH for 22 gold
                  | pieces
  1300 | D        | Bought a red potion for 19 gold pieces
  1300 | D        | Bought a potion of heal wounds for 110 gold pieces
  1300 | D        | Bought a scroll labelled EKOHEU XIDOLIBYXY for 22 gold
                  | pieces
  1302 | D        | Bought 3 scrolls of identify for 72 gold pieces
  1311 | D        | Bought a potion of lignification for 30 gold pieces
  1311 | D        | Bought a potion of curing for 30 gold pieces
  1311 | D        | Bought a potion of lignification for 30 gold pieces
  1311 | D        | Bought a potion of heal wounds for 50 gold pieces
  1315 | D        | Bought a potion of heal wounds for 50 gold pieces
  1315 | D        | Bought a potion of might for 40 gold pieces
  1315 | D        | Bought a potion of lignification for 30 gold pieces
  1335 | D        | Noticed a polar bear
  1337 | D        | Noticed a hornet
  1351 | D        | Killed a hornet
  1355 | D        | Killed a polar bear
  1627 | D        | Found a basalt altar of Yredelemnul.
  1627 | D        | Found a shimmering blue altar of Sif Muna.
  1627 | D        | Found a viscous altar of Jiyva.
  1628 | D        | Found a shimmering altar of Xom.
  1628 | D        | Found a sacrificial altar of Ru.
  1630 | D        | Found a glowing golden altar of the Shining One.
  1630 | D        | Found an ornate altar of the Wu Jian Council.
  1630 | D        | Found a stormy altar of Qazlal.
  1630 | D        | Found a hazy altar of Hepliaklqana.
  1632 | D        | Became a worshipper of Warmaster Okawaru
  1647 | D        | Noticed a kraken
  1655 | D        | Reached XP level 10. HP: 71/86 MP: 11/11
  1738 | D        | Noticed an ice statue
  2060 | D        | Noticed a crystal guardian
  2060 | D        | Noticed a death drake
  2075 | D        | Succumbed to a death drake's dark miasma

Illustrated notes

Levels and vault maps discovered:
D:        the_violet_keep_of_menkaure [sprint2_stairs_cluster_1,
          sprint2_shoproom, sprint2_temple, sprint2_basic_supplies,
          sprint2_obstacle_4, sprint2_obstacle_2, sprint2_obstacle_6,
          sprint2_obstacle_7, sprint2_obstacle_5, sprint2_timed_cluster_1,
          sprint2_smallroom_cluster_1, sprint2_smallroom_final_cluster_1,
          sprint2_transparent_cluster_1, sprint2_second_timed_cluster_1,
          sprint2_sniper_area_1, sprint2_heavy_combat_area_1,
          sprint2_mutation_trap_area_1, sprint2_forest_area_1,
          sprint2_light_combat_area_1, sprint2_behind_water_1,
          sprint2_near_end_vault_1]

Skill      XL: |  1  2  3  4  5  6  7  8  9 |
---------------+----------------------------+-----
Axes           | 7 9 12 14 16 18 | 18.0
Fighting       | 6 10 | 10.9
Armour         | 9 |  9.6
Shields        | |  4.9

Action                   |  1- 3 |  4- 6 |  7- 9 | 10-12 || total
-------------------------+-------+-------+-------+-------++-------
Melee: War axe           |     3 |    30 |    50 |       ||    83
       Battleaxe         |       |       |    37 |    25 ||    62
 Abil: Dig               |       |       |     1 |     1 ||     2
  Use: Potion            |     1 |     1 |     3 |     3 ||     8
       Scroll            |       |       |     2 |     4 ||     6
Armor: Scale mail        |     1 |     5 |    20 |    16 ||    42
Dodge: Dodged            |     1 |     6 |    35 |    16 ||    58
Block: Buckler           |       |     6 |     6 |       ||    12

Table legend: (Time is in decaauts)
 A = Elapsed time spent in this place.
 B = Non-inter-level travel time spent in this place.
 C = Inter-level travel time spent in this place.
 D = Time resting spent in this place.
 E = Time spent auto-exploring this place.
 F = Levels seen in this place.
 G = Mean time per level.
                   A        B        C        D        E       F      G
               +--------+--------+--------+--------+--------+-----+--------+
         Total |   2116 |   2116 |      0 |   1241 |    205 |   1 | 2116.0 |
       Dungeon |   2116 |   2116 |      0 |   1241 |    205 |   1 | 2116.0 |
               +--------+--------+--------+--------+--------+-----+--------+

Top non-repeatable levels by time:
       D: 2116 daAuts
